AoeStats
← ReynaldDeZureich

Scandinavia

510591870Analyzed
1v1 RM · 20h ago on Oct 1, 2026· 34m 46s· 2 players
Game mode
Random Map
Map size
Tiny (2 player)
Population
200
Speed
Normal
Resources
Standard
Victory
Conquest
Starting age
Dark Age
Ending age
Imperial Age
RankedLock teamsTeams togetherTeam positionsShared explorationLock speedFull tech treeHidden civsTurbo modeCheats
Victory
Defeat
🇺🇸 Chinese · United States
1023
+14
🇨🇭 Mongols · Switzerland
987
-14
ReynaldDeZureich
7:04 Loom
9:16 Feudal Age
15:51 Castle Age
15:56 Fletching
17:18 Bodkin Arrow
18:26 Double-Bit Axe
18:27 Horse Collar
20:30 Thumb Ring
22:07 Wheelbarrow
23:06 Padded Archer Armor
29:54 Imperial Age
27:41 Stone Mining
27:49 Gold Mining
31:36 Ballistics
jensen0james
0:28 Loom
14:19 Feudal Age
14:48 Double-Bit Axe
19:50 Castle Age
17:49 Gold Mining
17:54 Stone Mining
21:11 Stone Shaft Mining
21:16 Wheelbarrow
21:05 Fletching
21:15 Padded Archer Armor
21:04 Fishing Lines
22:35 Gold Shaft Mining
22:30 Bodkin Arrow
22:35 Padded Archer Armor
23:33 Hand Cart
24:03 Bow Saw
25:09 Town Watch
26:11 Gillnets
26:52 Leather Archer Armor
26:41 Town Patrol
30:15 Imperial Age
31:17 Conscription
31:19 Bracer
31:49 Ring Archer Armor
31:39 Thumb Ring
33:47 Elite Chu Ko Nu
Connection lost

Rejoining the realm…

Still unreachable

The connection could not be restored.

Session expired

The server has moved on; the page needs a fresh start.